 Dungeon Crawl Stone Soup version 0.18.1-50-g88ac8fd (webtiles) character file.

189 go0n the Cudgeler (level 5, -10/53 HPs)
             Began as a Troll Berserker on Sept 15, 2016.
             Was a Priest of Trog.
             Mangled by an ogre
             ... wielding a +0 giant club
              (13 damage)
             ... on level 4 of the Dungeon.
             The game lasted 00:12:13 (2579 turns).

go0n the Cudgeler (Troll Berserker)                 Turns: 2579, Time: 00:12:14

Health: -10/53     AC:  5    Str: 25 (26) XL:     5   Next: 40%
Magic:  4/4        EV: 10    Int:  2 (3)  God:    Trog [***...]
Gold:   195        SH:  0    Dex:  7 (9)  Spells: 0 memorised, 4 levels left

rFire  . . .     SeeInvis .     o - +0 mace (distort)
rCold  . . .     Gourm    +     b - +0 animal skin
rNeg   . . .     Faith    .     (no shield)
rPois  .         Spirit   .     (helmet restricted)
rElec  .         Dismiss  .     (no cloak)
rCorr  .         Reflect  .     (gloves unavailable)
SustAt .         Harm     .     (boots unavailable)
MR     ++...                    (no amulet)
Stlth  ++........               (no ring)
                                f - ring of stealth

@: lethally poisoned (-10 -> -10), regenerating, very resistant to hostile
enchantments, unstealthy
A: unfitting armour, claws 3, fast metabolism 3, gourmand, regeneration 2,
shaggy fur 1, tough skin 2
a: Berserk, Trog's Hand, Burn Spellbooks, Renounce Religion


You were on level 4 of the Dungeon.
You worshipped Trog.
Trog was most pleased with you.
You were hungry.

You visited 1 branch of the dungeon, and saw 4 of its levels.

You collected 195 gold pieces.

Inventory:

Hand Weapons
 a - a +0 mace
 o - a +0 mace of distortion (weapon)
Armour
 b - a +0 animal skin (worn)
 h - a +0 buckler
 j - a +0 robe
Jewellery
 f - a ring of stealth (left claw)
Scrolls
 e - 5 scrolls of identify
 p - 2 scrolls of blinking {unknown}
 s - 2 scrolls of teleportation {unknown}
Potions
 k - 2 potions of degeneration
 l - a potion of lignification {unknown}
 m - 2 potions of might {unknown}
 n - 2 potions of curing {unknown}
 q - a potion of resistance {unknown}
Comestibles
 c - 4 bread rations
 g - 4 meat rations


   Skills:
 + Level 3.3 Fighting
 + Level 3.7 Maces & Flails
 + Level 3.7 Dodging
 - Level 0.2 Stealth


You had 4 spell levels left.
You didn't know any spells.

Dungeon Overview and Level Annotations

Branches:
Dungeon (4/15)
 Temple: D:4-7

Altars:
Ashenzari
Qazlal

Annotations:
D:3 kraktruk's ghost, amateur FeBe
D:4 Natasha


Innate Abilities, Weirdness & Mutations

You are too large for most types of armour.
You have claws for hands.
Your metabolism is lightning-fast.
You like to eat raw meat.
You heal very quickly.
You are covered in fur (AC +1).
You have very tough skin (AC +2).


Message History

The howler monkey hits you.
* * * LOW HITPOINT WARNING * * *
The howler monkey bites you.
* * * LOW HITPOINT WARNING * * *
Drink which item? (? for menu, Esc to quit)
You feel much better. The centaur skeleton hits you.
The howler monkey closely misses you.
The howler monkey bites you but does no damage.
The ogre hits you with a giant club!!
* * * LOW HITPOINT WARNING * * *
Drink which item? (? for menu, Esc to quit)
It was a potion of degeneration.
There was something very wrong with that liquid.
You feel weakened.
You feel dopey.
You feel clumsy.
You feel sick.
The centaur skeleton hits you but does no damage.
The howler monkey barely misses you.
The howler monkey completely misses you.
The ogre hits you with a giant club!
You die...

..##....##....
.........#....
..........# ...
..........# ..
..........#
..........#
....$...s.#
..#...OZh######
.##....@.......
#............
#............
#............
####.........
#.........
....(.....
#.........


You could see an ogre, a scorpion, a howler monkey and a centaur skeleton.

Vanquished Creatures
  2 orc wizards (D:3)
  Natasha (D:3)
  An adder (D:2)
  3 worms
  2 dart slugs (D:1)
  3 giant geckos (D:3)
  3 orcs (D:3)
  9 bats
  4 giant cockroaches
  9 goblins
  10 hobgoblins
  7 jackals
  A ball python (D:2)
  6 giant newts
  6 kobolds
  5 rats
72 creatures vanquished.

Vanquished Creatures (others)
  An adder (D:2)
1 creature vanquished.

Grand Total: 73 creatures vanquished

Notes
Turn   | Place    | Note
--------------------------------------------------------------
     0 | D:1      | go0n the Troll Berserker began the quest for the Orb.
     0 | D:1      | Reached XP level 1. HP: 22/22 MP: 0/0
    98 | D:1      | Reached XP level 2. HP: 25/29 MP: 1/1
   553 | D:1      | Reached ** piety under Trog
   789 | D:2      | Reached XP level 3. HP: 36/36 MP: 2/2
  1600 | D:2      | Reached XP level 4. HP: 42/45 MP: 3/3
  1991 | D:3      | Reached *** piety under Trog
  1995 | D:3      | Reached XP level 5. HP: 51/53 MP: 4/4
  2136 | D:3      | Noticed Natasha
  2141 | D:3      | Killed Natasha
  2437 | D:3      | Found a shattered altar of Ashenzari.
  2437 | D:3      | Found a stormy altar of Qazlal.
  2536 | D:3      | Noticed kraktruk's ghost (amateur FeBe)
  2540 | D:4      | Noticed an ogre
  2561 | D:4      | Noticed Natasha
  2578 | D:4      | HP: 2/53 [ogre/giant club (22)]
  2579 | D:4      | Mangled by an ogre

Skill      XL: |  1  2  3 |
---------------+----------+-----
Maces & Flails | 3 |  3.7
Dodging        | 3 |  3.7
Fighting       | 3 |  3.3
Stealth        | |  0.2

Action                   |  1- 3 |  4- 6 || total
-------------------------+-------+-------++-------
Melee: Mace              |   157 |    83 ||   240
Invok: Trog's Hand       |       |     1 ||     1
  Use: Scroll            |       |     2 ||     2
       Potion            |       |     2 ||     2
  Eat: Chunk             |    15 |     6 ||    21
Armor: Animal skin       |    85 |    39 ||   124
Dodge: Dodged            |   110 |    71 ||   181
